 Dungeon Crawl Stone Soup version 0.31-a0-149-g3fdcc5976a (webtiles) character file.

Game seed: 3230988510714246003

164 comborobin the Sneak (level 5, -2/48 HPs)
             Began as an Armataur Delver on June 8, 2023.
             Slain by a hound (3 damage)
             ... on level 4 of the Dungeon.
             The game lasted 00:03:45 (549 turns).

comborobin the Sneak (Armataur Delver)               Turns: 549, Time: 00:03:46

Health: -2/48      AC:  4    Str: 20    XL:     5   Next: 21%
Magic:  5/5        EV:  9    Int: 14    God:
Gold:   10         SH:  0    Dex: 11    Spells: 4/4 levels left

rFire   . . .        e - +6 falchion of Recklessness {speed, Int+4}
rCold   . . .        (no shield)
rNeg    . . .        b - +0 leather armour
rPois   .            (no helmet)
rElec   .            (no cloak)
rCorr   .            (no gloves)
SInv    .            (no barding)
Will    .....        (no amulet)
Stlth   +++          (no ring)
HPRegen 0.28/turn    (no ring)
MPRegen 0.09/turn

%: roll
@: no status effects
A: large, rugged brown scales 3, deformed body, armoured tail, roll, long
tongue, awkward tongue
a: no special abilities


You were on level 4 of the Dungeon.
You visited 1 branch of the dungeon, and saw 4 of its levels.

You collected 10 gold pieces.

Inventory:

Hand Weapons
 a - a +0 mace
 e - the +6 falchion of Recklessness (weapon) {speed, Int+4}
   (You found it on level 5 of the Dungeon)

   Int:       It affects your intelligence (+4).
Missiles
 f - 2 atropa-tipped darts (quivered)
Armour
 b - a +0 leather armour (worn)
Wands
 g - a wand of digging (3)
Scrolls
 c - 2 scrolls of fog
 d - a scroll of teleportation {unknown}
 i - a scroll of enchant armour {unknown}


   Skills:
 + Level 3.2 Fighting
 - Level 3.8 Long Blades
 - Level 2.0 Maces & Flails
 - Level 1.5 Dodging
 - Level 5.6 Stealth


You had 4 spell levels left.
You didn't know any spells.
Your spell library contained the following spells:

 Spells                   Type           Power      Damage    Failure   Level
 Cigotuvi's Dreadful Rot  Necr/Pois/Air  0%         N/A       45%         2
 Ignite Poison            Fire/Tmut/Pois 0%         N/A       71%         3
 Freezing Cloud           Conj/Ice/Air   0%         6-21      100%        5


Dungeon Overview and Level Annotations

Branches:
Dungeon (6/15)
 Temple: D:4-7

Altars:


Innate Abilities, Weirdness & Mutations

You are completely covered in rugged brown scales. (AC +3, +7% HP)
Armour fits poorly on your strangely shaped body.
You have a long armoured tail.
You roll when moving toward enemies. (Rampage)
Your long tongue fully drains potion bottles. (2x potion effects)
Your tongue gives you trouble enunciating. (1.5x scroll delay)


Message History

You are engulfed in a cloud of soporific spores!
You fall asleep.
The sleepcap releases spores at you!
You wake up.
* * * LOW HITPOINT WARNING * * *
You hit the sleepcap but do no damage.
The sleepcap is moderately damaged.
The sleepcap closely misses you.
Unknown command.
You hit the sleepcap.
The sleepcap is heavily damaged.
The sleepcap releases spores at you but does no damage.
Unknown command.
It was a potion of invisibility.
You fade into invisibility!
You slurp down every last drop of the potion of invisibility!
The sleepcap releases spores at you.
* * * LOW HITPOINT WARNING * * *
You are engulfed in a cloud of soporific spores!
You are unaffected.
It was a potion of cancellation.
Your magical effects are unravelling.
You feel magically purged.
You slurp down every last drop of the potion of cancellation!
You flicker back into view.
The sleepcap releases spores at you.
* * * LOW HITPOINT WARNING * * *
You are engulfed in a cloud of soporific spores!
You are unaffected.
You hit the sleepcap.
The sleepcap is severely damaged.
You hit the sleepcap. You tail-slap the sleepcap!
You destroy the sleepcap!
Your Fighting skill increases to level 3!
You barely miss the hound. The hound bites you but does no damage.
You barely miss the hound. The hound barely misses you. The hound bites you.
* * * LOW HITPOINT WARNING * * *
You hit the hound.
The hound is lightly wounded.
The hound bites you.
You die...

#.#.####....#...####..##
#.#.#..#......#.### .
#.#'#..#..........#
#......#.....##.#.#
#...............#)#
#......#.##.#####(......
#......#...>.......##...
#.....##h#########.# #
#......@.# .. ##########
... ###


You could see a hound.

Vanquished Creatures
  An ogre (D:4)
  A hound (D:4)
  A sleepcap (D:4)
  2 adders
  2 endoplasms (D:4)
  2 kobolds (D:4)
  A quokka (D:4)
  A goblin (D:4)
11 creatures vanquished.

Notes
Turn   | Place    | Note
-------+----------+-------------------------------------------
     0 | D:5      | comborobin the Armataur Delver began the quest for the Orb.
     0 | D:5      | Reached XP level 1. HP: 19/19 MP: 1/1
    10 | D:6      | Noticed a hound
    10 | D:6      | Noticed an orc warrior
    10 | D:6      | Noticed a black bear
    11 | D:6      | Noticed an orc priest
    24 | D:5      | Identified the +6 falchion of Recklessness {speed, Int+4}
    32 | D:5      | Reached XP level 2. HP: 23/26 MP: 2/2
    72 | D:4      | Noticed an ogre
    93 | D:4      | Killed an ogre
    94 | D:4      | Reached XP level 3. HP: 32/32 MP: 3/3
    94 | D:4      | Reached XP level 4. HP: 39/39 MP: 4/4
   366 | D:4      | Reached XP level 5. HP: 47/47 MP: 5/5
   544 | D:4      | HP: 1/47 [sleepcap (5)]
   549 | D:4      | Slain by a hound

Illustrated notes

Levels and vault maps discovered:
D:3:      layout_basic, pdpol_wu_jian_five_deadly_venoms, st_stairs_12,
          kennysheep_cross_room, minivault_27, uniq_jessica,
          uniq_crazy_yiuf_cottage
D:4:      layout_basic, minmay_temple_entry_poolview
D:5:      layout_basic
D:6:      layout_basic, minitemple, st_stairs_13, corner_web_ring

Skill      XL: |  1  2  3  4  5 |
---------------+----------------+-----
Maces & Flails | 2 |  2.0
Long Blades    | 3 |  3.8
Fighting       | 3 |  3.2
Dodging        | |  1.5
Stealth        | |  5.6

Action                     |  1- 3 |  4- 6 || total
---------------------------+-------+-------++-------
  Melee: Falchion          |    11 |    27 ||    38
         Tailslap          |       |     4 ||     4
  Throw: Dart              |     1 |       ||     1
    Use: Scroll            |     2 |       ||     2
         Potion            |     1 |     2 ||     3
   Stab: Sleeping          |       |     2 ||     2
 Armour: Leather armour    |       |     3 ||     3
  Dodge: Dodged            |     7 |    12 ||    19

Table legend: (Time is in decaauts)
 A = Elapsed time spent in this place.
 B = Non-inter-level travel time spent in this place.
 C = Inter-level travel time spent in this place.
 D = Time resting spent in this place.
 E = Time spent auto-exploring this place.
 F = Levels seen in this place.
 G = Mean time per level.
                   A        B        C        D        E       F      G
               +--------+--------+--------+--------+--------+-----+--------+
         Total |    524 |    464 |     60 |      0 |    288 |   4 |  131.0 |
       Dungeon |    524 |    464 |     60 |      0 |    288 |   4 |  131.0 |
               +--------+--------+--------+--------+--------+-----+--------+

Top non-repeatable levels by time:
     D:4: 466 daAuts
     D:5: 53 daAuts
     D:3: 1 daAuts
     D:6: 1 daAuts
